 Dungeon Crawl Stone Soup version 0.27-a0-824-gca8104f8d5 (webtiles) character file.

Game seed: 8383019568667810374

42 EnegeticOcto the Ruffian (level 3, 0/35 HPs)
             Began as a Troll Warper on Mar 30, 2021.
             Slain by a gnoll
             ... wielding a +0 flail
              (10 damage)
             ... on level 2 of the Dungeon.
             The game lasted 00:00:49 (157 turns).

EnegeticOcto the Ruffian (Troll Warper)              Turns: 157, Time: 00:00:50

Health: 0/35       AC:  4    Str: 19    XL:     3   Next: 33%
Magic:  3/3        EV:  9    Int: 10    God:
Gold:   13         SH:  0    Dex:  9    Spells: 4/4 levels left

rFire    . . .     SeeInvis .     - Unarmed
rCold    . . .     Faith    .   (no shield)
rNeg     . . .     Spirit   .   a - +0 robe
rPois    .         Reflect  .   (helmet restricted)
rElec    .         Harm     .   (no cloak)
rCorr    .         Rampage  .   (gloves unavailable)
Will     .....                  (boots unavailable)
Stlth    +.........             (no amulet)
HPRegen  1.11/turn              (no ring)
MPRegen  0.08/turn              (no ring)

@: no status effects
A: large, unfitting armour, claws 3, regeneration 1, shaggy fur 1, tough skin 1
a: no special abilities


You were on level 2 of the Dungeon.
You visited 1 branch of the dungeon, and saw 2 of its levels.

You collected 13 gold pieces.

Inventory:

Missiles
 d - 5 boomerangs of dispersal (quivered)
Armour
 a - a +0 robe (worn)
Scrolls
 c - 2 scrolls of blinking {@r4}


   Skills:
 + Level 2.2 Fighting
 - Level 0.8 Throwing
 - Level 1.9 Dodging
 * Level 3.3 Unarmed Combat
 - Level 1.2 Spellcasting
 - Level 2.1 Translocations


You had 4 spell levels left.
You didn't know any spells.
Your spell library contained the following spells:

 Spells                   Type           Power      Damage    Failure   Level
 Blink                    Tloc           N/A        N/A       21%         2
 Gell's Gravitas          Tloc           2%         N/A       38%         3
 Lesser Beckoning         Tloc           2%         N/A       38%         3
 Teleport Other           Tloc           5%         N/A       38%         3
 Manifold Assault         Tloc           5%         N/A       98%         5


Dungeon Overview and Level Annotations

Branches:
Dungeon (2/15)

Altars:


Innate Abilities, Weirdness & Mutations

You are too large for most types of armour.
You have claws for hands.
Your natural rate of healing is unusually fast.
You are covered in fur. (AC +1)
You have tough skin. (AC +1)


Message History

You claw the dart slug!
You kill the dart slug!
You have reached level 2!
You closely miss the kobold. The kobold barely misses you.
You claw the kobold!
You kill the kobold!
No target in view!
No target in view!
No target in view!
No target in view!
No target in view!
Things that are here:
a +0 short sword; a kobold corpse
(D) Dungeon
Where to? (? - help)
There is a stone staircase leading down here.
You climb downwards.
A hobgoblin and 4 gnolls come into view.
A gnoll is wielding a +0 whip of electrocution.
The gnoll shouts! x3; The hobgoblin shouts!
Found an orange potion.
There is a stone staircase leading up here.
The gnoll shouts!
You see here an orange potion.
The gnoll hits you with a +0 whip.
You scratch the gnoll.
The gnoll is heavily wounded.
The gnoll barely misses you.
You scratch the gnoll but do no damage.
The gnoll is heavily wounded.
The gnoll hits you but does no damage.
You scratch the gnoll.
The gnoll is heavily wounded.
The gnoll closely misses you.
You barely miss the gnoll.
The gnoll is heavily wounded.
The gnoll barely misses you.
You scratch the gnoll.
The gnoll is severely wounded.
The gnoll hits you but does no damage.
You scratch the gnoll.
The gnoll is almost dead.
You scratch the gnoll.
You kill the gnoll!
Your Fighting skill increases to level 2!
You closely miss the hobgoblin. The hobgoblin closely misses you.
You barely miss the hobgoblin.
The hobgoblin hits you but does no damage.
You scratch the hobgoblin.
The hobgoblin is moderately wounded.
The hobgoblin closely misses you.
You claw the hobgoblin!
You kill the hobgoblin!
You scratch the gnoll.
The gnoll is lightly wounded.
The gnoll hits you with a +0 club.
You scratch the gnoll.
The gnoll is moderately wounded.
The gnoll hits you with a +0 club.
You closely miss the gnoll.
The gnoll is moderately wounded.
The gnoll hits you with a +0 club!
You are too injured to fight recklessly!
You are too injured to fight recklessly!
You are too injured to fight recklessly!
You are too injured to fight recklessly!
You are too injured to fight recklessly!
You are too injured to fight recklessly!
You are too injured to fight recklessly!
You are too injured to fight recklessly!
You are too injured to fight recklessly!
You are too injured to fight recklessly!
You are too injured to fight recklessly!
You are too injured to fight recklessly!
You are too injured to fight recklessly!
You are too injured to fight recklessly!
You are too injured to fight recklessly!
You are too injured to fight recklessly!
You are too injured to fight recklessly!
You claw the gnoll!
You kill the gnoll!
Your Unarmed Combat skill increases to level 3!
You have reached level 3!
Your experience leads to an increase in your attributes!
Increase (s)trength, (i)ntelligence, or (d)exterity?
You feel clever.
You feel stronger.
Press: ? - help, v - describe, . - travel, g - get item
Here: a gnoll, wielding a +0 whip of electrocution
Items here: )) ††.
The floor, spattered with blood.
Unknown command.
You claw the gnoll!
The gnoll is almost dead.
The gnoll hits you with a +0 whip of electrocution!
You are electrocuted!
* * * LOW HITPOINT WARNING * * *
You scratch the gnoll.
You kill the gnoll!
You closely miss the gnoll. The gnoll hits you with a +0 flail!
You die...

### #.. #.# #.#
#.# #@# #.#g#
#.#.# #.#.#
#.#.# #.#)#
#.#.#
######.#!##
.....g....#####


You could see a gnoll.

Vanquished Creatures
  3 gnolls (D:2)
  A dart slug (D:1)
  2 giant cockroaches (D:1)
  2 hobgoblins
  A bat (D:1)
  A frilled lizard (D:1)
  2 kobolds (D:1)
12 creatures vanquished.

Notes
Turn   | Place    | Note
-------+----------+-------------------------------------------
     0 | D:1      | EnegeticOcto the Troll Warper began the quest for the Orb.
     0 | D:1      | Reached XP level 1. HP: 19/19 MP: 1/1
   120 | D:1      | Reached XP level 2. HP: 28/28 MP: 2/2
   143 | D:2      | Reached skill level 2 in Fighting
   151 | D:2      | Reached skill level 3 in Unarmed Combat
   151 | D:2      | Reached XP level 3. HP: 21/35 MP: 3/3
   157 | D:2      | Slain by a gnoll

Illustrated notes

Levels and vault maps discovered:
D:1:      psy_arrival_basics, layout_loops_corners
D:2:      layout_loops_ring, lemuel_zombie_altar_yredelemnul

Skill      XL: |  1  2 |
---------------+-------+-----
Fighting       | 2 |  2.2
Unarmed Combat | 3 |  3.3
Throwing       | |  0.8
Dodging        | |  1.9
Spellcasting   | |  1.2
Translocations | |  2.1

Action                   || total
-------------------------++-------
Melee: Unarmed           ||    33
Armor: Robe              ||    11
Dodge: Dodged            ||    15

Table legend: (Time is in decaauts)
 A = Elapsed time spent in this place.
 B = Non-inter-level travel time spent in this place.
 C = Inter-level travel time spent in this place.
 D = Time resting spent in this place.
 E = Time spent auto-exploring this place.
 F = Levels seen in this place.
 G = Mean time per level.
                   A        B        C        D        E       F      G
               +--------+--------+--------+--------+--------+-----+--------+
         Total |    155 |    153 |      2 |      0 |      0 |   2 |   77.5 |
       Dungeon |    155 |    153 |      2 |      0 |      0 |   2 |   77.5 |
               +--------+--------+--------+--------+--------+-----+--------+

Top non-repeatable levels by time:
     D:1: 127 daAuts
     D:2: 28 daAuts
